TOP OF THE 1ST |
St. Louis (WIN) Cardinals batting - Pitching for Cincinnati (WIN) Reds : RHP Matt Moffat
|
Pitching: RHP Matt Moffat
|
|
Batting: RHB Fabrice Bertin
|
0-0: Swinging Strike 0-1: Called Strike 0-2: Strikes out swinging
|
Batting: RHB Fekadu Alhaadi
|
0-0: Foul Ball, location: 2F 0-1: Ground out 3-1 (Groundball, 34, EV 100.6 MPH)
|
Batting: SHB Luke Robbins
|
0-0: Foul Ball, location: 2F 0-1: Foul Ball, location: 2F 0-2: Ball 1-2: Strikes out swinging
|
Top of the 1st over - 0 runs, 0 hits, 0 errors, 0 left on base; St. Louis (WIN) 0 - Cincinnati (WIN) 0 |
BOTTOM OF THE 1ST |
Cincinnati (WIN) Reds batting - Pitching for St. Louis (WIN) Cardinals : LHP Danny Rivera
|
Pitching: LHP Danny Rivera
|
|
Batting: RHB Juan Reyes
|
0-0: Foul Ball, location: 2F 0-1: Ball 1-1: Ball 2-1: Ball 3-1: Swinging Strike 3-2: Foul Ball, location: 2F 3-2: Ground out 6-3 (Groundball, 6, EV 108.8 MPH)
|
Batting: RHB Bruno André
|
0-0: Ball 1-0: Called Strike 1-1: Foul Ball, location: 2F 1-2: Foul Ball, location: 2F 1-2: Ball 2-2: Foul Ball, location: 2F 2-2: Strikes out looking
|
Batting: RHB Joseph Kirchmann
|
0-0: Ball 1-0: Foul Ball, location: 2F 1-1: Ball 2-1: Ball 3-1: Base on Balls
|
Batting: RHB Jake Savell
|
0-0: Ball Joseph Kirchmann steals 2nd base 1-0: Ball 2-0: Swinging Strike 2-1: Swinging Strike 2-2: Strikes out swinging
|
Bottom of the 1st over - 0 runs, 0 hits, 0 errors, 1 left on base; St. Louis (WIN) 0 - Cincinnati (WIN) 0 |
TOP OF THE 2ND |
St. Louis (WIN) Cardinals batting - Pitching for Cincinnati (WIN) Reds : RHP Matt Moffat
|
Batting: RHB Mark Cahill
|
0-0: Ball 1-0: Called Strike 1-1: Ball 2-1: Swinging Strike 2-2: Foul Ball, location: 2F 2-2: Strikes out swinging
|
Batting: RHB Joe Alley
|
0-0: Called Strike 0-1: SINGLE (Groundball, 6MD, EV 101.9 MPH)
|
Batting: RHB Tyler Walker
|
0-0: Foul Ball, location: 2F 0-1: Ball 1-1: Foul Ball, location: 2F 1-2: Foul Ball, location: 2F 1-2: Ball 2-2: Grounds into double play, 6-4-3 (Groundball, 6, EV 109.4 MPH)
|
Top of the 2nd over - 0 runs, 1 hit, 0 errors, 0 left on base; St. Louis (WIN) 0 - Cincinnati (WIN) 0 |
BOTTOM OF THE 2ND |
Cincinnati (WIN) Reds batting - Pitching for St. Louis (WIN) Cardinals : LHP Danny Rivera
|
Batting: RHB Andy Bachman
|
0-0: Ball 1-0: Swinging Strike 1-1: Fly out, F9 (Flyball, 89D, EV 79.4 MPH)
|
Batting: RHB Chris Zamora
|
0-0: Ball 1-0: Ball 2-0: Called Strike 2-1: Ball 3-1: SINGLE (Groundball, 6MD, EV 105.6 MPH)
|
Batting: SHB Tim Utz
|
0-0: Ball 1-0: Swinging Strike 1-1: Ball 2-1: Foul Ball, location: 2F 2-2: Ball 3-2: Base on Balls Chris Zamora to second
|
Batting: SHB Kristian Kristensen
|
0-0: Foul Ball, location: 2F 0-1: Ball 1-1: Foul Ball, location: 2F 1-2: Ball 2-2: Strikes out looking
|
Batting: LHB Matthew Berry
|
0-0: Ball Balk! Chris Zamora to third Tim Utz to second 1-0: Ball 2-0: Ground out 1-3 (Groundball, 13S, EV 67.5 MPH)
|
Bottom of the 2nd over - 0 runs, 1 hit, 0 errors, 2 left on base; St. Louis (WIN) 0 - Cincinnati (WIN) 0 |
TOP OF THE 3RD |
St. Louis (WIN) Cardinals batting - Pitching for Cincinnati (WIN) Reds : RHP Matt Moffat
|
Batting: RHB Tommy Boudreaux
|
0-0: Ball 1-0: Swinging Strike 1-1: Foul Ball, location: 2F 1-2: Ball 2-2: Strikes out swinging
|
Batting: RHB Immel Kamuzu
|
0-0: SINGLE (Line Drive, 78S, EV 98.8 MPH)
|
Batting: RHB Kyle Burns
|
0-0: Ball 1-0: Called Strike 1-1: Ball 2-1: Fly out, F8 (Flyball, 89S, EV 78.8 MPH)
|
Batting: RHB Fabrice Bertin
|
0-0: Ball 1-0: Fly out, F7 (Line Drive, 7, EV 91.2 MPH)
|
Top of the 3rd over - 0 runs, 1 hit, 0 errors, 1 left on base; St. Louis (WIN) 0 - Cincinnati (WIN) 0 |
BOTTOM OF THE 3RD |
Cincinnati (WIN) Reds batting - Pitching for St. Louis (WIN) Cardinals : LHP Danny Rivera
|
Batting: RHB Juan Reyes
|
0-0: Ball 1-0: Ball 2-0: Called Strike 2-1: Swinging Strike 2-2: Foul Ball, location: 2F 2-2: Strikes out looking
|
Batting: RHB Bruno André
|
0-0: Ball 1-0: Swinging Strike 1-1: Foul Ball, location: 2F 1-2: Ball 2-2: Foul Ball, location: 2F 2-2: Foul Ball, location: 2F 2-2: Foul Ball, location: 2F 2-2: Ball 3-2: DOUBLE (Flyball, 8RXD, EV 106.2 MPH)
|
Batting: RHB Joseph Kirchmann
|
0-0: Swinging Strike 0-1: Swinging Strike 0-2: Ball 1-2: Strikes out swinging, 2-3 out at first.
|
Batting: RHB Jake Savell
|
0-0: Ball 1-0: Called Strike 1-1: Ball 2-1: Ball 3-1: Fly out, F8 (Flyball, 8RM, EV 85.0 MPH)
|
Bottom of the 3rd over - 0 runs, 1 hit, 0 errors, 1 left on base; St. Louis (WIN) 0 - Cincinnati (WIN) 0 |
TOP OF THE 4TH |
St. Louis (WIN) Cardinals batting - Pitching for Cincinnati (WIN) Reds : RHP Matt Moffat
|
Batting: RHB Fekadu Alhaadi
|
0-0: Ball 1-0: Ball 2-0: Called Strike 2-1: Called Strike 2-2: Strikes out swinging
|
Batting: SHB Luke Robbins
|
0-0: Swinging Strike 0-1: Foul Ball, location: 2F 0-2: Ball 1-2: Strikes out swinging
|
Batting: RHB Mark Cahill
|
0-0: Ball 1-0: Foul Ball, location: 2F 1-1: Foul Ball, location: 2F 1-2: SINGLE (Groundball, 4S, EV 71.2 MPH) (infield hit)
|
Batting: RHB Joe Alley
|
0-0: Ball 1-0: Foul Ball, location: 2F 1-1: Called Strike 1-2: Ball 2-2: Ball 3-2: Fly out, F7 (Flyball, 78M, EV 91.9 MPH)
|
Top of the 4th over - 0 runs, 1 hit, 0 errors, 1 left on base; St. Louis (WIN) 0 - Cincinnati (WIN) 0 |
BOTTOM OF THE 4TH |
Cincinnati (WIN) Reds batting - Pitching for St. Louis (WIN) Cardinals : LHP Danny Rivera
|
Batting: RHB Andy Bachman
|
0-0: Called Strike 0-1: Foul Ball, location: 2F 0-2: Strikes out looking
|
Batting: RHB Chris Zamora
|
0-0: Ball 1-0: Called Strike 1-1: Ball 2-1: Foul Ball, location: 2F 2-2: Ball 3-2: Strikes out swinging
|
Batting: SHB Tim Utz
|
0-0: Ball 1-0: Called Strike 1-1: Ball 2-1: Swinging Strike 2-2: Strikes out swinging
|
Bottom of the 4th over - 0 runs, 0 hits, 0 errors, 0 left on base; St. Louis (WIN) 0 - Cincinnati (WIN) 0 |
TOP OF THE 5TH |
St. Louis (WIN) Cardinals batting - Pitching for Cincinnati (WIN) Reds : RHP Matt Moffat
|
Batting: RHB Tyler Walker
|
0-0: Ball 1-0: Foul Ball, location: 2F 1-1: Fly out, F3 (Popup, 3S, EV 82.5 MPH)
|
Batting: RHB Tommy Boudreaux
|
0-0: Ball 1-0: Ball 2-0: Foul Ball, location: 2F 2-1: Called Strike 2-2: Foul Ball, location: 2F 2-2: Strikes out swinging
|
Batting: RHB Immel Kamuzu
|
0-0: Called Strike 0-1: Foul Ball, location: 2F 0-2: SINGLE (Line Drive, 9LS, EV 105.0 MPH)
|
Batting: RHB Kyle Burns
|
0-0: Ball 1-0: Ground out 4-3 (Groundball, 4, EV 92.5 MPH)
|
Top of the 5th over - 0 runs, 1 hit, 0 errors, 1 left on base; St. Louis (WIN) 0 - Cincinnati (WIN) 0 |
BOTTOM OF THE 5TH |
Cincinnati (WIN) Reds batting - Pitching for St. Louis (WIN) Cardinals : LHP Danny Rivera
|
Batting: SHB Kristian Kristensen
|
0-0: Ball 1-0: SINGLE (Groundball, 34D, EV 98.1 MPH)
|
Batting: LHB Matthew Berry
|
0-0: Ball 1-0: Ball 2-0: Swinging Strike 2-1: Ball 3-1: Fly out, F7 (Flyball, 7LMF, EV 83.8 MPH)
|
Batting: RHB Juan Reyes
|
0-0: Foul Ball, location: 2F 0-1: Fly out, F9 (Flyball, 89D, EV 106.9 MPH)
|
Batting: RHB Bruno André
|
0-0: Ball 1-0: Called Strike 1-1: Ball 2-1: Ball 3-1: SINGLE (Groundball, 23, EV 68.8 MPH) (infield hit) Kristian Kristensen to second
|
Batting: RHB Joseph Kirchmann
|
0-0: Foul Ball, location: 2F 0-1: Fly out, F7 (Flyball, 7LSF, EV 88.1 MPH)
|
Bottom of the 5th over - 0 runs, 2 hits, 0 errors, 2 left on base; St. Louis (WIN) 0 - Cincinnati (WIN) 0 |
TOP OF THE 6TH |
St. Louis (WIN) Cardinals batting - Pitching for Cincinnati (WIN) Reds : RHP Matt Moffat
|
Batting: RHB Fabrice Bertin
|
0-0: Called Strike 0-1: Foul Ball, location: 2F 0-2: SINGLE (Groundball, 56D, EV 103.8 MPH)
|
Batting: RHB Fekadu Alhaadi
|
0-0: Called Strike Fabrice Bertin steals 2nd base 0-1: Ball 1-1: Ball 2-1: Foul Ball, location: 2F 2-2: Strikes out swinging
|
Batting: SHB Luke Robbins
|
0-0: Called Strike 0-1: Fly out, F8 (Flyball, 8RM, EV 93.8 MPH)
|
Batting: RHB Mark Cahill
|
0-0: SINGLE (Groundball, 6M, EV 101.9 MPH) Fabrice Bertin to third Runner from 3rd tries for Home, SAFE, throw by CF to home Mark Cahill to second
|
Batting: RHB Joe Alley
|
0-0: Ball 1-0: Called Strike 1-1: Ball 2-1: Foul Ball, location: 2F 2-2: Foul Ball, location: 2F 2-2: Ball 3-2: SINGLE (Flyball, 8LS, EV 85.6 MPH) Mark Cahill to third Runner from 3rd tries for Home, throw by CF and OUT! 8-2
|
Top of the 6th over - 1 run, 3 hits, 0 errors, 1 left on base; St. Louis (WIN) 1 - Cincinnati (WIN) 0 |
BOTTOM OF THE 6TH |
Cincinnati (WIN) Reds batting - Pitching for St. Louis (WIN) Cardinals : LHP Danny Rivera
|
Pitching: RHP Gareth Haigh
|
|
Batting: RHB Jake Savell
|
0-0: Ball 1-0: SINGLE (Groundball, 6MD, EV 96.2 MPH)
|
Batting: RHB Andy Bachman
|
0-0: Called Strike 0-1: Foul Ball, location: 2F 0-2: Strikes out looking
|
Batting: RHB Chris Zamora
|
0-0: Called Strike 0-1: Ball 1-1: Ball 2-1: Ball 3-1: Foul Ball, location: 2F 3-2: Strikes out looking Jake Savell is caught stealing 2nd base 2-4 Batter strikes out.
|
Bottom of the 6th over - 0 runs, 1 hit, 0 errors, 0 left on base; St. Louis (WIN) 1 - Cincinnati (WIN) 0 |
TOP OF THE 7TH |
St. Louis (WIN) Cardinals batting - Pitching for Cincinnati (WIN) Reds : RHP Matt Moffat
|
Batting: RHB Tyler Walker
|
0-0: Ball 1-0: Swinging Strike 1-1: Foul Ball, location: 2F 1-2: Foul Ball, location: 2F 1-2: Strikes out swinging
|
Batting: RHB Tommy Boudreaux
|
0-0: Ball 1-0: Foul Ball, location: 2F 1-1: SOLO HOME RUN (Line Drive, 8LXD, EV 107.5 MPH), Distance : 409 ft
|
Batting: RHB Immel Kamuzu
|
0-0: Ball 1-0: Ball 2-0: Ball 3-0: Base on Balls
|
Batting: RHB Kyle Burns
|
0-0: SINGLE (Groundball, 34S, EV 83.1 MPH) (infield hit) Immel Kamuzu to second
|
Batting: RHB Fabrice Bertin
|
0-0: Ball 1-0: Swinging Strike 1-1: Ball 2-1: Foul Ball, location: 2F 2-2: Ball 3-2: Base on Balls Immel Kamuzu to third Kyle Burns to second
|
Batting: RHB Fekadu Alhaadi
|
0-0: Ball 1-0: Ball 2-0: Foul Ball, location: 2F 2-1: Swinging Strike 2-2: Fly out, F9 (Line Drive, 9D, EV 91.2 MPH) Runner from 3rd tags up, OUT at HOME! 9-2
|
Top of the 7th over - 1 run, 2 hits, 0 errors, 2 left on base; St. Louis (WIN) 2 - Cincinnati (WIN) 0 |
BOTTOM OF THE 7TH |
Cincinnati (WIN) Reds batting - Pitching for St. Louis (WIN) Cardinals : RHP Gareth Haigh
|
Batting: SHB Tim Utz
|
0-0: Called Strike 0-1: Ball 1-1: Called Strike 1-2: Ball 2-2: Ball 3-2: SINGLE (Flyball, 56D, EV 83.1 MPH)
|
Batting: SHB Kristian Kristensen
|
0-0: Ball 1-0: Bunt missed! 1-1: Sac Bunt to 15 - play at first, batter OUT! 1-3 Tim Utz to second
|
Batting: LHB Matthew Berry
|
0-0: Foul Ball, location: 2F 0-1: Foul Ball, location: 2F 0-2: Ball 1-2: Ball 2-2: Strikes out swinging
|
Batting: RHB Juan Reyes
|
0-0: Ball Wild Pitch! Tim Utz to third 1-0: Foul Ball, location: 2F 1-1: Ball 2-1: Fly out, F7 (Flyball, 7D, EV 85.6 MPH)
|
Bottom of the 7th over - 0 runs, 1 hit, 0 errors, 1 left on base; St. Louis (WIN) 2 - Cincinnati (WIN) 0 |
TOP OF THE 8TH |
St. Louis (WIN) Cardinals batting - Pitching for Cincinnati (WIN) Reds : RHP Matt Moffat
|
Pitching: RHP Tim Bant
|
|
Batting: SHB Luke Robbins
|
0-0: Called Strike 0-1: Ball 1-1: Ball 2-1: Foul Ball, location: 2F 2-2: Strikes out swinging
|
Batting: RHB Mark Cahill
|
0-0: Ball 1-0: Foul Ball, location: 2F 1-1: Foul Ball, location: 2F 1-2: Strikes out swinging
|
Batting: RHB Joe Alley
|
0-0: Foul Ball, location: 2F 0-1: Reached on error, E6 (Groundball, 6, EV 86.2 MPH)
|
Batting: RHB Tyler Walker
|
0-0: Ball 1-0: Called Strike 1-1: Called Strike 1-2: Foul Ball, location: 2F 1-2: Foul Ball, location: 2F 1-2: Foul Ball, location: 2F 1-2: Ball 2-2: Ball 3-2: Foul Ball, location: 2F 3-2: Base on Balls
|
Batting: RHB Tommy Boudreaux
|
0-0: Fly out, F9 (Line Drive, 89M, EV 99.4 MPH)
|
Top of the 8th over - 0 runs, 0 hits, 1 error, 2 left on base; St. Louis (WIN) 2 - Cincinnati (WIN) 0 |
BOTTOM OF THE 8TH |
Cincinnati (WIN) Reds batting - Pitching for St. Louis (WIN) Cardinals : RHP Gareth Haigh
|
Batting: RHB Bruno André
|
0-0: Ball 1-0: Ball 2-0: Ball 3-0: Called Strike 3-1: Swinging Strike 3-2: Foul Ball, location: 2F 3-2: Base on Balls
|
Batting: RHB Joseph Kirchmann
|
0-0: Ball 1-0: Called Strike 1-1: Foul Ball, location: 2F 1-2: Strikes out swinging
|
Batting: RHB Jake Savell
|
0-0: Called Strike 0-1: Hit by Pitch Bruno André to second
|
Batting: RHB Andy Bachman
|
0-0: Called Strike 0-1: Swinging Strike 0-2: Ball Wild Pitch! Bruno André to third Jake Savell to second 1-2: Strikes out swinging
|
Batting: RHB Chris Zamora
|
0-0: Called Strike 0-1: Called Strike 0-2: Strikes out swinging
|
Bottom of the 8th over - 0 runs, 0 hits, 0 errors, 2 left on base; St. Louis (WIN) 2 - Cincinnati (WIN) 0 |
TOP OF THE 9TH |
St. Louis (WIN) Cardinals batting - Pitching for Cincinnati (WIN) Reds : RHP Tim Bant
|
Batting: RHB Immel Kamuzu
|
0-0: Ball 1-0: Called Strike 1-1: Ball 2-1: Fly out, F7 (Flyball, 78S, EV 88.1 MPH)
|
Batting: RHB Kyle Burns
|
0-0: Ball 1-0: Swinging Strike 1-1: Ball 2-1: Foul Ball, location: 2F 2-2: Ball 3-2: Foul Ball, location: 2F 3-2: Foul Ball, location: 2F 3-2: Foul Ball, location: 2F 3-2: Foul Ball, location: 2F 3-2: SINGLE (Line Drive, 8RS, EV 87.5 MPH)
|
Pitching: RHP Giovonni Morgia
|
|
Batting: RHB Fabrice Bertin
|
0-0: Foul Ball, location: 2F 0-1: Foul Ball, location: 2F 0-2: Ball 1-2: Ball 2-2: Hit by Pitch Kyle Burns to second
|
Batting: RHB Fekadu Alhaadi
|
0-0: Ball 1-0: Ball 2-0: Called Strike 2-1: Foul Ball, location: 2F 2-2: SINGLE (Groundball, 6, EV 104.4 MPH) Kyle Burns to third Fabrice Bertin to second
|
Batting: SHB Luke Robbins
|
0-0: Fly out, F8 (Flyball, 8RD, EV 83.8 MPH) Runner from 3rd tags up, SCORES, throw by CF Fabrice Bertin to third
|
Batting: RHB Mark Cahill
|
0-0: Called Strike 0-1: Swinging Strike 0-2: Ball 1-2: Ball 2-2: Ball 3-2: Strikes out swinging
|
Top of the 9th over - 1 run, 2 hits, 0 errors, 2 left on base; St. Louis (WIN) 3 - Cincinnati (WIN) 0 |
BOTTOM OF THE 9TH |
Cincinnati (WIN) Reds batting - Pitching for St. Louis (WIN) Cardinals : RHP Gareth Haigh
|
Pitching: RHP Pabiyan Vetlitsky
|
|
Batting: SHB Tim Utz
|
0-0: Ball 1-0: Foul Ball, location: 2F 1-1: Ball 2-1: Swinging Strike 2-2: Strikes out swinging
|
Batting: SHB Kristian Kristensen
|
0-0: DOUBLE (Flyball, 9LD, EV 91.9 MPH)
|
Batting: LHB Matthew Berry
|
0-0: Fly out, F7 (Line Drive, 7, EV 106.9 MPH)
|
Batting: RHB Juan Reyes
|
0-0: Ground out 6-3 (Groundball, 6, EV 105.6 MPH)
|
Bottom of the 9th over - 0 runs, 1 hit, 0 errors, 1 left on base; St. Louis (WIN) 3 - Cincinnati (WIN) 0 |
|